 Dungeon Crawl Stone Soup version 0.29.1-1-gd02db6906a (webtiles) character file.

Game seed: 3228843582999137375

33 xian the Shield-Bearer (level 3, 0/23 HPs)
             Began as a Gargoyle Fighter on Sept 28, 2022.
             Slain by a hobgoblin (1 damage)
             ... led by Robin
             ... on level 2 of the Dungeon.
             The game lasted 00:01:16 (710 turns).

xian the Shield-Bearer (Gargoyle Fighter)            Turns: 710, Time: 00:01:17

Health: 0/23       AC: 10    Str: 21    XL:     3   Next: 29%
Magic:  3/3        EV:  9    Int:  8    God:
Gold:   71         SH:  4    Dex:  9    Spells: 2/2 levels left

rFire   . . .      SeeInvis .   a - +0 flail
rCold   . . .      Faith    .   c - +0 buckler
rNeg    + . .      Spirit   .   b - +0 scale mail
rPois   ∞          Reflect  .   (no helmet)
rElec   +          Harm     .   (no cloak)
rCorr   .          Rampage  .   (no gloves)
Will    .....                   (no boots)
Stlth   ..........              (no amulet)
HPRegen 0.07/turn               (no ring)
MPRegen 0.08/turn               (no ring)

@: no status effects
A: sickness immunity, AC +3, negative energy resistance 1, electricity
resistance, torment resistance 1, petrification resistance
a: no special abilities


You were on level 2 of the Dungeon.
You visited 1 branch of the dungeon, and saw 2 of its levels.

You collected 71 gold pieces.

Inventory:

Hand Weapons
 a - a +0 flail (weapon)
Armour
 b - a +0 scale mail (worn)
 c - a +0 buckler (worn)
Scrolls
 e - a scroll of fear {unknown}
 f - a scroll of immolation {unknown}
 i - a scroll of fog {unknown}
 k - 3 scrolls of identify {unknown}
 l - a scroll of magic mapping {unknown}
 n - 2 scrolls of enchant armour {unknown}
Potions
 d - 2 potions of might
 g - a potion of berserk rage {unknown}
 h - a potion of brilliance {unknown}
 j - a potion of attraction {unknown}
 m - a potion of magic {unknown}


   Skills:
 + Level 3.4 Fighting
 + Level 2.5 Maces & Flails
 + Level 3.6 Armour
 + Level 0.1 Dodging
 + Level 0.2 Stealth
 + Level 3.8 Shields


You had 2 spell levels left.
You didn't know any spells.
Your spell library contained the following spells:

 Spells                   Type           Power      Damage    Failure   Level
 Summon Small Mammal      Summ           0%         N/A       83%         1
 Scorch                   Fire           0%         2d5       93%         2
 Call Canine Familiar     Summ           0%         N/A       99%         3
 Summon Guardian Golem    Hex/Summ       0%         N/A       99%         3
 Animate Armour           Summ/Erth      0%         N/A       100%        4
 Flame Wave               Conj/Fire      0%         2d4       100%        4
 Blade Hands              Tmut           0%         N/A       100%        5
 Iron Shot                Conj/Erth      0%         9d1       100%        6
 Summon Cactus Giant      Summ           0%         N/A       100%        6


Dungeon Overview and Level Annotations

Branches:
Dungeon (2/15)

Altars:

Annotations:
D:2 Robin


Innate Abilities, Weirdness & Mutations

You are immune to sickness and miasma.
Your stone body is resilient. (AC +3)
You are immune to poison.
You resist negative energy. (rN+)
You are resistant to electric shocks. (rElec)
You are resistant to unholy torment.
You are immune to petrification.


Message History

The goblin barely misses you. x2
You sock the goblin!
You kill the goblin!
Robin says, "Kneel, worm!"
You block the hobgoblin's attack. The goblin hits you but does no damage.
The goblin hits you with a +0 club. The hobgoblin barely misses you.
The goblin closely misses you. x2; The goblin completely misses you.
You sock the goblin!
You kill the goblin!
The hobgoblin hits you but does no damage.
The goblin hits you but does no damage. x2
You sock the goblin!
You kill the goblin!
The goblin hits you with a +0 club. The hobgoblin hits you.
The goblin hits you with a +0 club.
Unknown command.
Unknown command.
You hit Robin.
Robin is lightly wounded.
You block the goblin's attack. The hobgoblin hits you.
* * * LOW HITPOINT WARNING * * *
The goblin hits you but does no damage.
You hit Robin but do no damage.
Robin is lightly wounded.
The goblin barely misses you.
The hobgoblin hits you but does no damage.
Robin hits you but does no damage. The goblin hits you but does no damage.
You barely miss Robin.
Robin is lightly wounded.
You block the goblin's attack. You block the hobgoblin's attack.
The goblin barely misses you. The hobgoblin barely misses you.
The goblin closely misses you. The goblin hits you with a +0 club.
* * * LOW HITPOINT WARNING * * *
Robin closely misses you.
You barely miss Robin.
Robin is lightly wounded.
The goblin hits you with a +0 club.
* * * LOW HITPOINT WARNING * * *
The hobgoblin hits you.
You die...

..........###
##..........[ #.#(#....
#........## ##.###....
#........# ..........
##.....#######.........
#..†...................
.#.......#######gg......
.........# #gg..#
#........## #@#######
####...#..## #gg.....##
######..#####........##
.......................#
#########..##..........#
##..#..........#
##............#
###..........#
............##


You could see Robin, 2 hobgoblins and 3 goblins.

Vanquished Creatures
  2 worms (D:2)
  2 endoplasms (D:1)
  A giant cockroach (D:2)
  6 goblins (D:2)
  2 hobgoblins
  2 jackals (D:2)
  2 kobolds
  2 quokkas
  2 ball pythons
  A bat (D:2)
  A frilled lizard (D:2)
23 creatures vanquished.

Notes
Turn   | Place    | Note
-------+----------+-------------------------------------------
     0 | D:1      | xian the Gargoyle Fighter began the quest for the Orb.
     0 | D:1      | Reached XP level 1. HP: 14/14 MP: 1/1
   365 | D:1      | Reached XP level 2. HP: 19/19 MP: 2/2
   371 | D:1      | You fall into a shaft and drop 1 floor!
   513 | D:2      | Reached XP level 3. HP: 12/23 MP: 3/3
   696 | D:2      | Noticed Robin
   709 | D:2      | HP: 1/23 [goblin/+0 club[Robin] (2)]
   710 | D:2      | Slain by a hobgoblin

Illustrated notes

Levels and vault maps discovered:
D:1:      lightli_arrival_isolated_outpost, layout_basic,
          shapermc_ecumenical_altar_mp_ritualfount
D:2:      layout_rooms, item_on_display_a, uniq_robin

Action                   || total
-------------------------++-------
Melee: Flail             ||    68
Armor: Scale mail        ||    53
Dodge: Dodged            ||    39
Block: Buckler           ||    21
